 Dungeon Sprint DCSS version 0.23-a0-681-g26ad783 (webtiles) character file.

305 Lanoc the Basher (level 6, -19/67 HPs)
             Began as a Troll Berserker on Jan 10, 2019.
             Was a High Priest of Trog.
             Hit by a large rock thrown by a cyclops (42 damage)
             ... in the Dungeon (Sprint IX: "|||||||||||||||||||||||||||||").
             The game lasted 00:01:56 (139 turns).

Lanoc the Basher (Troll Berserker)                   Turns: 139, Time: 00:01:56

Health: -19/67     AC:  5    Str: 28    XL:     6   Next: 16%
Magic:  5/5        EV: 14    Int:  6    God:    Trog [*****.]
Gold:   0          SH:  0    Dex:  9    Spells: 5/5 levels left

rFire    . . .     SeeInvis .   o - +4 quarterstaff of Debt {elec, rN+}
rCold    . . .     Gourm    +   (shield currently unavailable)
rNeg     + . .     Faith    .   b - +0 animal skin
rPois    .         Spirit   .   (helmet restricted)
rElec    .         Reflect  .   (no cloak)
rCorr    .         Harm     .   (gloves unavailable)
MR       ++...     NoTele   +   (boots unavailable)
Stlth    +.........             (no amulet)
HPRegen  1.61/turn              p - +2 ring of evasion
MPRegen  0.09/turn              q - +3 ring of intelligence

@: berserk cooldown, regenerating, slowed, very slow
A: large, unfitting armour, claws 3, fast metabolism 3, gourmand, regeneration
1, shaggy fur 1, tough skin 2
a: Berserk, Trog's Hand, Brothers in Arms, Renounce Religion


You were in the Dungeon.
You worshipped Trog.
Trog was extremely pleased with you.
You were not hungry.

You visited 1 branch

Inventory:

Hand Weapons
 a - a +0 mace
 n - a +2 morningstar of protection
 o - the +4 quarterstaff of Debt (weapon) {elec, rN+}
   (You found it in the Dungeon)

   Occasionally, upon striking a foe, it will discharge some electrical energy
   and cause terrible harm.
   It protects you from negative energy.
Armour
 b - a +0 animal skin (worn)
Jewellery
 p - a +2 ring of evasion (left claw)
 q - a +3 ring of intelligence (right claw)
Wands
 m - a wand of acid (10)
Scrolls
 i - 2 scrolls of blinking
 l - 3 scrolls of remove curse
Potions
 d - 5 potions of curing
 e - 3 potions of heal wounds
 f - a potion of haste
 g - 4 potions of magic
 h - a potion of berserk rage
 k - a potion of invisibility
Comestibles
 c - 2 rations


   Skills:
 + Level 5.9 Fighting
 * Level 8.9 Maces & Flails
 + Level 5.9 Dodging


You had 5 spell levels left.
You didn't know any spells.
Your spell library was empty.

Dungeon Overview and Level Annotations

Branches:
Dungeon (1/1)

Altars:
Cheibriados
Dithmenos
Elyvilon
Fedhas
Gozag
Hepliaklqana
Kikubaaqudgha
Makhleb
Nemelex Xobeh
Okawaru
Qazlal
Ru
Sif Muna
Trog
Uskayaw
Vehumet
Wu Jian
Xom
Yredelemnul
Zin
The Shining One
Beogh
Jiyva
Lugonu


Innate Abilities, Weirdness & Mutations

You are too large for most types of armour.
You have claws for hands.
Your metabolism is lightning-fast.
You like to eat raw meat.
Your natural rate of healing is unusually fast.
You are covered in fur. (AC +1)
You have very tough skin. (AC +2)


Message History

Eating a chunk of flesh.
You eat the chunk of flesh.
This raw flesh tastes great.
HP restored.
You open the door.
A komodo dragon, a crocodile, a black bear, a worker ant and 2 cyclopes come The cyclops shouts! x2
The worker ant twitches its antennae in your direction.
The black bear growls angrily.
The cyclops throws a large rock.
The large rock hits you! The cyclops hits you!!
There is an open door, spattered with blood here.
You're still recovering from your berserk rage.
You hit the cyclops but do no damage. The cyclops hits you!
* * * LOW HITPOINT WARNING * * *
Your skin crawls.
You feel resistant to hostile enchantments.
You feel somewhat more hungry. The cyclops barely misses you.
The cyclops throws a large rock.
The large rock hits you!!!
Ouch! That really hurt!
You die... ▓▓▓▓▓▓▓▓▓▓▓▓▓▓▓▓▓▓▓▓▓▓▓▓▓ '.?|)[[[.('(†...@'CthlCa+ ▓▓▓▓▓▓▓▓▓▓▓▓▓▓▓▓▓▓▓▓▓▓▓▓▓

You could see 2 cyclopes, a komodo dragon, a crocodile, a black bear and a worker ant.

Vanquished Creatures
  A necrophage (D)
  A big kobold (D)
  A scorpion (D)
  A killer bee (D)
  A crimson imp (D)
  2 adder skeletons (D)
  A leopard gecko (D)
  2 bat zombies (D)
  2 goblins (D)
  A jackal (D)
  A kobold (D)
  A jackal skeleton (D)
  A rat (D)
16 creatures vanquished.

Notes
Turn   | Place    | Note
-------+----------+-------------------------------------------
     0 | D        | Lanoc the Troll Berserker began the quest for the Orb.
     0 | D        | Reached XP level 1. HP: 22/22 MP: 0/0
    10 | D        | Reached skill level 3 in Maces & Flails
    12 | D        | Reached ** piety under Trog
    32 | D        | Reached XP level 2. HP: 28/29 MP: 1/1
    35 | D        | Reached *** piety under Trog
    38 | D        | Reached skill level 4 in Maces & Flails
    51 | D        | Found a roughly hewn altar of Beogh.
    51 | D        | Found a snail-covered altar of Cheibriados.
    51 | D        | Found a shadowy altar of Dithmenos.
    51 | D        | Found a white marble altar of Elyvilon.
    51 | D        | Found a blossoming altar of Fedhas.
    51 | D        | Found an opulent altar of Gozag.
    52 | D        | Found a hazy altar of Hepliaklqana.
    53 | D        | Found a viscous altar of Jiyva.
    54 | D        | Found an ancient bone altar of Kikubaaqudgha.
    55 | D        | Found a corrupted altar of Lugonu.
    56 | D        | Found a burning altar of Makhleb.
    57 | D        | Found a sparkling altar of Nemelex Xobeh.
    58 | D        | Found an iron altar of Okawaru.
    59 | D        | Found a stormy altar of Qazlal.
    60 | D        | Found a sacrificial altar of Ru.
    61 | D        | Found a deep blue altar of Sif Muna.
    62 | D        | Found a bloodstained altar of Trog.
    63 | D        | Found a hide-covered altar of Uskayaw.
    64 | D        | Found a radiant altar of Vehumet.
    65 | D        | Found an ornate altar of the Wu Jian Council.
    66 | D        | Found a shimmering altar of Xom.
    67 | D        | Found a basalt altar of Yredelemnul.
    68 | D        | Found a glowing silver altar of Zin.
    69 | D        | Found a glowing golden altar of the Shining One.
    88 | D        | Got the +4 quarterstaff of Debt {elec, rN+}
    99 | D        | Noticed a big kobold
    99 | D        | Noticed a killer bee
    99 | D        | Noticed a crimson imp
    99 | D        | Noticed a scorpion
    99 | D        | Noticed a necrophage
   108 | D        | Killed a big kobold
   108 | D        | Reached **** piety under Trog
   108 | D        | Reached skill level 6 in Maces & Flails
   108 | D        | Reached XP level 3. HP: 39/39 MP: 2/2
   108 | D        | Reached XP level 4. HP: 48/48 MP: 3/3
   116 | D        | Reached skill level 5 in Fighting
   116 | D        | Reached skill level 7 in Maces & Flails
   116 | D        | Reached skill level 5 in Dodging
   116 | D        | Reached XP level 5. HP: 57/57 MP: 4/4
   120 | D        | Reached ***** piety under Trog
   120 | D        | Reached skill level 8 in Maces & Flails
   123 | D        | Killed a necrophage
   123 | D        | Reached XP level 6. HP: 56/67 MP: 5/5
   135 | D        | Noticed a cyclops
   135 | D        | Noticed a komodo dragon
   135 | D        | Noticed a cyclops
   139 | D        | Hit by a large rock thrown by a cyclops

Vault maps used:
D:        linesprint

Skill      XL: |  1  2  3  4  5 |
---------------+----------------+-----
Maces & Flails | 3 6 7 8 |  8.9
Dodging        | 4 5 |  5.9
Fighting       | 4 5 |  5.9

Action                   |  1- 3 |  4- 6 || total
-------------------------+-------+-------++-------
Melee: Mace              |    29 |       ||    29
       Quarterstaff      |     7 |    15 ||    22
Invok: Berserk           |     1 |       ||     1
       Trog's Hand       |       |     1 ||     1
  Eat: Chunk             |       |     3 ||     3
Armor: Animal skin       |    18 |       ||    18
Dodge: Dodged            |    18 |    10 ||    28

Table legend:
 A = Non-vault XP
 B = Vault XP
 C = Vault XP percentage of total XP
 D = Non-vault monster count
 E = Vault monster count
 F = Vault count percentage of total count
                 A         B        C        D         E       F
            +---------+---------+-------+---------+---------+-------
      Total |       0 |     437 | 100.0 |       0 |      16 | 100.0
            +---------+---------+-------+---------+---------+-------
          D |       0 |     437 | 100.0 |       0 |      16 | 100.0
            +---------+---------+-------+---------+---------+-------
